 Dungeon Crawl Stone Soup version 0.19-a0-1183-gcd7e582 (webtiles) character file.

18244 Duskembrace the Bewitcher (level 12, -1/51 HPs)
             Began as a Spriggan Enchanter on Aug 18, 2016.
             Was a High Priest of Dithmenos.
             Slain by an orc warrior
             ... wielding a +0 battleaxe
             ... led by an orc knight
              (33 damage)
             ... while paralysed by an orc sorcerer
             ... on level 1 of the Orcish Mines.
             The game lasted 00:55:12 (14135 turns).

Duskembrace the Bewitcher (Spriggan Enchanter)     Turns: 14135, Time: 00:55:13

Health: -1/51      AC:  5    Str:  4    XL:     12   Next: 26%
Magic:  11/25      EV:  4    Int: 27    God:    Dithmenos [*****.]
Gold:   714        SH:  0    Dex: 19    Spells: 7 memorised, 6 levels left

rFire  . . .     SeeInvis +     C - +1 dagger (vamp)
rCold  + . .     Gourm    .     b - +2 robe
rNeg   . . .     Faith    .     (shield restricted)
rPois  .         Spirit   .     (helmet restricted)
rElec  .         Dismiss  .     x - +0 cloak
rCorr  .         Reflect  .     (gloves unavailable)
MR     ++...     Harm     .     (boots unavailable)
Stlth  ++++++++++               H - amulet of magic regeneration
                                D - +6 ring of intelligence
                                r - ring of ice

@: paralysed, wreathed by umbra, very quick
A: unfitting armour, see invisible, agile 1, fire resistance 1, herbivore 3,
speed 3, slow metabolism 2
a: Shadow Step, Shadow Form, Renounce Religion


You were on level 1 of the Orcish Mines.
You worshipped Dithmenos.
Dithmenos was extremely pleased with you.
You were not hungry.

You visited 3 branches of the dungeon, and saw 15 of its levels.
You also visited: Sewer and Ice Cave.

You collected 1134 gold pieces.
You spent 420 gold pieces at shops.

Inventory:

Hand Weapons
 a - a +2 dagger
 C - a +1 vampiric dagger (weapon)
 T - a +2 short sword of venom
Missiles
 v - 9 throwing nets (quivered)
 y - 15 poisoned needles
 O - 2 needles of paralysis
 X - 6 tomahawks
Armour
 b - a +2 robe (worn)
 x - a +0 cloak (worn)
 K - a +0 buckler
Jewellery
 r - a ring of ice (left hand)
 D - a +6 ring of intelligence (right hand)
 E - an uncursed ring of protection from magic
 G - the amulet of Foism {+Rage rN++ Str+3}
   (You found it on level 8 of the Dungeon)

   [amulet of rage]

   It affects your strength (+3).
   It greatly protects you from negative energy.
   It lets you go berserk.
 H - an amulet of magic regeneration (around neck)
 Q - a +3 amulet of reflection
 U - an uncursed ring of protection from fire
Wands
 h - a wand of lightning (3/15)
 k - a wand of flame (40/48)
 I - a wand of lightning (4/15)
 J - a wand of heal wounds (2/9)
 L - a wand of disintegration (4/24)
 P - a wand of lightning (13/15)
 S - a wand of polymorph (5/24)
 W - a wand of random effects (19/48)
Scrolls
 e - 7 scrolls of blinking
 f - 8 scrolls of identify
 i - 3 scrolls of remove curse
 l - 3 scrolls of fear
 s - 6 scrolls of recharging
 w - 2 scrolls of teleportation
 B - a scroll of magic mapping
 R - a scroll of vulnerability {unknown}
Potions
 g - 4 potions of degeneration
 j - 6 potions of lignification
 m - a potion of haste
 n - 4 potions of flight
 o - 4 potions of magic
 p - 4 potions of berserk rage
 t - a potion of agility
 z - 4 potions of curing
 F - 2 potions of brilliance
 M - a potion of cure mutation
Books
 c - a book of Maledictions

   Spells                             Type                      Level
   a - Corona                         Hexes                        1
   b - Ensorcelled Hibernation        Hexes/Ice                    2
   c - Confuse                        Hexes                        3
   d - Tukima's Dance                 Hexes                        3
   e - Dazzling Spray                 Conjuration/Hexes            3
 q - a book of the Sky

   Spells                             Type                      Level
   a - Summon Lightning Spire         Summoning/Air                4
   b - Airstrike                      Air                          4
   c - Silence                        Hexes/Air                    5
   d - Deflect Missiles               Charms/Air                   6
   e - Conjure Ball Lightning         Conjuration/Air              6
   f - Tornado                        Air                          9
 u - a book of Alchemy

   Spells                             Type                      Level
   a - Sublimation of Blood           Necromancy                   2
   b - Ignite Poison                  Fire/Transmutation/Poison    3
   c - Petrify                        Transmutation/Earth          4
   d - Alistair's Intoxication        Transmutation/Poison         5
   e - Irradiate                      Conjuration/Transmutation    5
 N - a book of the Dragon

   Spells                             Type                      Level
   a - Flame Tongue                   Conjuration/Fire             1
   b - Cause Fear                     Hexes                        4
   c - Bolt of Fire                   Conjuration/Fire             6
   d - Dragon Form                    Transmutation                7
   e - Dragon's Call                  Summoning                    9
Comestibles
 d - 6 bread rations
 A - 3 fruits


   Skills:
 + Level 9.8 Short Blades
 - Level 10.5 Dodging
 - Level 14.0 Stealth
 - Level 8.0 Spellcasting
 - Level 15.0 Hexes


You had 6 spell levels left.
You knew the following spells:

 Your Spells              Type           Power        Failure   Level  Hunger
a - Corona                Hex            #######      0%          1    None
b - Ensorcelled Hibernat  Hex/Ice        ######       1%          2    None
c - Confuse               Hex            #######.     1%          3    None
d - Tukima's Dance        Hex            #######.     1%          3    None
e - Dazzling Spray        Conj/Hex       ######       1%          3    None
f - Silence               Hex/Air        ######....   8%          5    ####...
g - Airstrike             Air            ##........   54%         4    ##.....


Dungeon Overview and Level Annotations

Branches:
Dungeon (12/15)            Temple (1/1) D:6            Lair (0/6) D:10
    Orc (2/2) D:12            Elf (0/3) Orc:2

Altars:
Ashenzari
Cheibriados
Dithmenos
Elyvilon
Fedhas
Gozag
Hepliaklqana
Kikubaaqudgha
Makhleb
Nemelex Xobeh
Okawaru
Qazlal
Ru
Sif Muna
Trog
Uskayaw
Vehumet
Xom
Yredelemnul
Zin
The Shining One
Beogh

Shops:
D:4 :   D:9 :*((

Portals:
Trove: D:11 (give horn of Geryon)


Innate Abilities, Weirdness & Mutations

You are tiny and cannot use many weapons and most armour.
You have supernaturally acute eyesight. (SInv)
You are a herbivore.
You cover ground extremely quickly.
You need consume almost no food.
You are agile. (Dex +2)
Your flesh is heat resistant. (rF+)


Message History

Your dagger closely misses the orc warrior.
Casting: Confuse
Confirm with . or Enter, or press ? or * to list all spells.
Aiming: Confuse
Press: ? - help, Shift-Dir - straight line, f/p - orc sorcerer
Aim: an orc sorcerer, wearing a robe (umbra, chance to defeat MR: 67%)
The orc warrior appears confused.
Your dagger hits the orc warrior!
The orc warrior misses the orc knight.
You hit the orc warrior but do no damage.
The orc warrior is severely wounded.
Your dagger hits the orc warrior. The orc sorcerer completely misses you.
Your dagger hits the orc warrior.
The orc sorcerer points at you and mumbles some strange words.
You suddenly lose the ability to move!
Your dagger hits the orc!
The orc dies!
Dithmenos accepts your kill.
The orc warrior hits you with a battleaxe!!
Ouch! That really hurt!
You die...

... #..............#
.... ##)..........#.##
#..##.........#.#...#
.#.#.................#
...........)..).....##
.#........o(......###
###.....oo>......#
##.....o...#..##
####....@.......#
#####.#............##
##.##.......†......##
#.[.##.....#.##.....#
##).....#..###......#
#..........# ..#...$#
##........## ...##.##
##.......# .. .#
##.....##


You could see an orc knight, an orc sorcerer, 2 orc warriors and a friendly
dagger.

Vanquished Creatures
  Erica (D:10)
  An unseen horror (D:10)
  3 hill giants
  3 ugly things
  A manticore (D:11)
  An orc sorcerer (Orc:1)
  Maurice (Orc:1)
  2 komodo dragons
  4 yaktaurs (D:12)
  A two-headed ogre (D:12)
  3 trolls
  A spriggan (D:7)
  5 yaks
  3 hippogriffs
  3 hungry ghosts
  2 water moccasins
  A sky beast (D:7)
  9 orc warriors
  Purgy (Sewer)
  3 black bears
  9 ice beasts
  2 necrophages
  13 ogres
  A phantom (D:10)
  7 centaurs
  A crocodile (D:11)
  A big kobold (D:10)
  5 giant frogs
  Blork the orc (D:4)
  A gnoll sergeant (D:3)
  A wyvern zombie (D:10)
  A wyvern skeleton (D:7)
  3 scorpions
  A water moccasin zombie (D:9)
  7 killer bees
  5 howler monkeys
  A quasit (D:10)
  6 crimson imps
  6 hounds
  A centaur zombie (D:5)
  2 orc priests
  3 jellies
  2 gnoll shamans (D:3)
  Crazy Yiuf (D:6)
  10 orc wizards
  A giant frog skeleton (D:9)
  2 iguanas
  6 worker ants
  A hound zombie (D:6)
  39 gnolls
  10 adders
  A howler monkey skeleton (D:8)
  2 river rats (D:6)
  4 shadow imps
  An ooze (D:5)
  An adder zombie (D:6)
  2 adder skeletons (D:7)
  A worm (D:6)
  2 dart slugs
  5 giant geckos
  29 orcs
  2 ball pythons
  6 giant cockroaches
  6 goblins
  4 hobgoblins
  24 jackals
  3 quokkas
  3 bats
  10 giant newts
  A jackal skeleton (D:7)
  9 kobolds
  A quokka skeleton (D:5)
  8 rats
324 creatures vanquished.

Vanquished Creatures (collateral kills)
  Nergalle (Orc:1)
  4 hill giants
  An orc knight (Orc:2)
  A warg (D:12)
  An orc warrior (Orc:1)
  A gnoll sergeant (D:7)
  5 orc priests
  A gnoll (D:7)
  4 orcs
19 creatures vanquished.

Vanquished Creatures (others)
  3 dancing weapons
  4 plants
7 creatures vanquished.

Grand Total: 350 creatures vanquished

Notes
Turn   | Place    | Note
-------+----------+-------------------------------------------
     0 | D:1      | Duskembrace the Spriggan Enchanter began the quest for the Orb.
     0 | D:1      | Reached XP level 1. HP: 9/9 MP: 5/5
   302 | D:1      | Reached skill level 4 in Hexes
   337 | D:1      | Reached XP level 2. HP: 11/13 MP: 6/6
   359 | D:1      | Learned a level 2 spell: Ensorcelled Hibernation
   840 | D:2      | Reached skill level 5 in Stealth
  1179 | D:2      | Reached XP level 3. HP: 14/16 MP: 8/8
  1184 | D:2      | Learned a level 3 spell: Confuse
  1590 | D:2      | You fall through a shaft for 2 floors!
  1628 | D:4      | Reached skill level 5 in Hexes
  1682 | D:4      | Reached XP level 4. HP: 16/21 MP: 0/9
  1942 | D:4      | Found Edesitz's Book Boutique.
  2195 | D:4      | Noticed Blork the orc
  2238 | D:4      | Killed Blork the orc
  2238 | D:4      | Reached skill level 6 in Hexes
  2238 | D:4      | Reached XP level 5. HP: 8/24 MP: 0/10
  2926 | D:5      | Entered Level 5 of the Dungeon
  2926 | D:5      | Noticed a hungry ghost
  2971 | D:4      | Reached XP level 6. HP: 20/28 MP: 2/11
  2976 | D:4      | Learned a level 3 spell: Tukima's Dance
  3071 | D:4      | Killed a hungry ghost
  3071 | D:4      | Reached skill level 7 in Hexes
  3361 | D:5      | Reached skill level 8 in Hexes
  3450 | D:5      | Reached XP level 7. HP: 30/32 MP: 12/12
  3625 | D:5      | Found a burning altar of Makhleb.
  4041 | D:6      | Found a staircase to the Ecumenical Temple.
  4048 | Temple   | Entered the Ecumenical Temple
  4085 | Temple   | Became a worshipper of Dithmenos the Shadowed
  4212 | D:6      | Reached skill level 9 in Hexes
  4408 | D:6      | Found a glowing drain.
  4414 | Sewer    | Entered a sewer
  4574 | Sewer    | Noticed Purgy
  4581 | Sewer    | Killed Purgy
  4793 | D:6      | Reached * piety under Dithmenos
  4808 | D:7      | Reached XP level 8. HP: 16/36 MP: 2/13
  5017 | D:7      | Reached skill level 10 in Hexes
  5022 | D:7      | Learned a level 3 spell: Dazzling Spray
  5095 | D:7      | Reached skill level 10 in Stealth
  5250 | D:7      | Reached skill level 11 in Hexes
  5452 | D:7      | Reached XP level 9. HP: 39/39 MP: 9/14
  5454 | D:7      | Reached skill level 12 in Hexes
  5712 | D:7      | Reached ** piety under Dithmenos
  6182 | D:6      | Reached skill level 13 in Hexes
  6629 | D:6      | Found a runed door.
  6654 | D:6      | Noticed Crazy Yiuf
  6661 | D:6      | Killed Crazy Yiuf
  7668 | D:3      | Reached *** piety under Dithmenos
  8503 | D:3      | Reached XP level 10. HP: 44/44 MP: 2/15
  8836 | D:3      | Reached **** piety under Dithmenos
  8897 | D:3      | Reached skill level 14 in Hexes
 10233 | D:8      | Got a vibrating sapphire amulet
 10312 | D:8      | Identified the amulet of Foism {+Rage rN++ Str+3} (You found it on level 8 of the Dungeon)
 10626 | D:9      | Found Liatut's General Store.
 10626 | D:9      | Found Veyveunaa's Antique Weapon Shop.
 10632 | D:9      | Found Pabbe's Book Shop.
 10632 | D:9      | Found Parphy's Antique Weapon Shop.
 10636 | D:9      | Bought an uncursed amulet of magic regeneration for 420 gold pieces
 10775 | D:9      | Reached skill level 15 in Hexes
 11030 | D:10     | Entered Level 10 of the Dungeon
 11042 | D:10     | Found a staircase to the Lair.
 11110 | D:10     | Noticed an unseen horror
 11117 | D:10     | Killed an unseen horror
 11117 | D:10     | Reached ***** piety under Dithmenos
 11117 | D:10     | Reached skill level 5 in Spellcasting
 11234 | D:10     | Noticed Erica
 11246 | D:10     | Killed Erica
 11375 | D:10     | Reached XP level 11. HP: 42/47 MP: 23/23
 11487 | D:10     | Noticed a hill giant
 11501 | D:10     | Killed a hill giant
 11704 | D:10     | Noticed a hill giant
 11712 | D:10     | Killed a hill giant
 12069 | D:10     | Noticed a hill giant
 12079 | D:10     | Killed a hill giant
 12167 | D:11     | Reached skill level 5 in Dodging
 12249 | D:11     | Noticed a hill giant
 12256 | D:11     | Killed a hill giant
 12318 | D:11     | Noticed a hill giant
 12320 | D:11     | Found a portal to a secret trove of treasure.
 12333 | D:11     | Killed a hill giant
 12394 | D:11     | Noticed a purple ugly thing
 12402 | D:11     | Killed a purple ugly thing
 12422 | D:11     | Reached skill level 5 in Short Blades
 12438 | D:11     | Gained mutation: You are agile. (Dex +2) [potion of beneficial mutation]
 12591 | D:12     | Noticed a hill giant
 12593 | D:12     | Killed a hill giant
 12635 | D:12     | Found a staircase to the Orcish Mines.
 12960 | D:12     | Noticed a white ugly thing
 12966 | D:12     | Killed a white ugly thing
 13028 | D:12     | Noticed a hill giant
 13038 | D:12     | Killed a hill giant
 13082 | D:12     | Found a radiant altar of Vehumet.
 13111 | D:12     | Reached skill level 10 in Dodging
 13327 | Orc:1    | Entered Level 1 of the Orcish Mines
 13339 | Orc:1    | Reached XP level 12. HP: 51/51 MP: 25/25
 13346 | Orc:1    | Learned a level 5 spell: Silence
 13351 | Orc:1    | Learned a level 4 spell: Airstrike
 13526 | Orc:2    | Entered Level 2 of the Orcish Mines
 13534 | Orc:2    | Found a frozen archway.
 13543 | IceCv    | Entered an ice cave
 13939 | Orc:1    | Noticed Maurice
 13941 | Orc:1    | Killed Maurice
 14000 | Orc:1    | Noticed Nergalle
 14003 | Orc:1    | Found a roughly hewn altar of Beogh.
 14015 | Orc:1    | Killed Nergalle
 14085 | Orc:1    | Gained mutation: Your flesh is heat resistant. (rF+) [potion of beneficial mutation]
 14134 | Orc:1    | Paralysed by an orc sorcerer for 5 turns
 14135 | Orc:1    | Slain by an orc warrior

Vault maps used:
D:1:      dpeg_arrival_arbitrary_c
D:3:      lemuel_castle_with_subvaults
D:4:      wad_pebble_path, serial_shops, shop, eino_tiny_chamber,
          grunt_ministairs_2, corner_web_ring, uniq_blork_the_orc
D:5:      basic_altar, first_bread
D:6:      portal_sewer_entry_e, uniq_crazy_yiuf_cottage
D:7:      the_bakery
D:9:      st_stairs_1, minmay_shop_grid_forest
D:10:     david_lair_shrubbed, uniq_erica
D:11:     enter_trove_3
D:12:     david_orc_1_choice, basic_altar
Temple:   nicolae_temple_the_god_donut
Orc:1:    basic_altar, nicolae_orc_lost_temple, uniq_maurice, uniq_nergalle
Orc:2:    grunt_orc_tribal_feast, portal_ice_cave_entry_pillars_1
Sewer:    sewer_co_purgy_island
IceCv:    ice_cave_statue_garden_teleport

Skill      XL: |  1  2  3  4  5  6  7  8  9 10 11 12 |
---------------+-------------------------------------+-----
Hexes          | 4 5 6 8 9 11 13 15 | 15.0
Stealth        | 5 6 7 8 9 11 13 14 | 14.0
Spellcasting   | 7 8 |  8.0
Short Blades   | 7 9 |  9.8
Dodging        | 10 | 10.5

Action                   |  1- 3 |  4- 6 |  7- 9 | 10-12 || total
-------------------------+-------+-------+-------+-------++-------
Melee: Dagger            |   113 |   101 |   258 |   272 ||   744
 Cast: Ensorcelled Hiber |    11 |    25 |   103 |    88 ||   227
       Confuse           |       |     7 |    15 |    43 ||    65
       Corona            |       |     1 |       |       ||     1
       Tukima's Dance    |       |       |     6 |    18 ||    24
       Dazzling Spray    |       |       |       |     1 ||     1
Invok: Shadow Step       |       |       |       |     4 ||     4
Evoke: Wand              |       |       |       |     1 ||     1
  Use: Potion            |     2 |     1 |     2 |     5 ||    10
       Scroll            |       |       |    14 |     9 ||    23
 Stab: Sleeping          |    18 |    20 |   108 |   116 ||   262
       Confused          |       |     2 |    13 |    27 ||    42
       Distracted        |       |       |     1 |       ||     1
  Eat: Pizza             |       |     2 |       |     1 ||     3
       Bread ration      |       |     1 |     1 |     1 ||     3
       Royal jelly       |       |       |     1 |     2 ||     3
       Fruit             |       |       |       |     1 ||     1
Armor: Robe              |     6 |     6 |    17 |    14 ||    43
Dodge: Dodged            |    92 |    64 |   206 |   180 ||   542
